NYP
BROOKLYN CYCLONES @ CINCINNATI (NYP) REDS
06/07/2048
 
TOP OF THE 1ST
Brooklyn Cyclones batting - Pitching for Cincinnati (NYP) Reds : RHP Toby Riley
Pitching: RHP Toby Riley
Batting: LHB Elmo Dreier 0-0: Called Strike
0-1: Ball
1-1: Ball
2-1: Called Strike
2-2: Strikes out looking
Batting: SHB Callum Lynch 0-0: Called Strike
0-1: Called Strike
0-2: Ball
1-2: Ball
2-2: Strikes out swinging
Batting: LHB Miguel Ramos 0-0: SINGLE (Groundball, 4S, EV 73.1 MPH) (infield hit)
Batting: RHB Victor Reyes 0-0: Called Strike
0-1: Called Strike
0-2: Ball
1-2: Foul Ball, location: 2F
1-2: Ball
2-2: Strikes out looking
Top of the 1st over - 0 runs, 1 hit, 0 errors, 1 left on base; Brooklyn 0 - Cincinnati (NYP) 0
BOTTOM OF THE 1ST
Cincinnati (NYP) Reds batting - Pitching for Brooklyn Cyclones : RHP Battista Aldobrandini
Pitching: RHP Battista Aldobrandini
Batting: RHB Jon Marquez 0-0: Ball
1-0: Foul Ball, location: 2F
1-1: Called Strike
1-2: Ball
2-2: Ball
3-2: Base on Balls
Batting: LHB Matthew Berry 0-0: Ball
Jon Marquez steals 2nd base
1-0: Foul Ball, location: 2F
1-1: Ball
2-1: Foul Ball, location: 2F
2-2: Foul Ball, location: 2F
2-2: Foul Ball, location: 2F
2-2: Foul Ball, location: 2F
2-2: Foul Ball, location: 2F
2-2: Foul Ball, location: 2F
2-2: Foul Ball, location: 2F
2-2: Foul Ball, location: 2F
2-2: Ball
3-2: Foul Ball, location: 2F
3-2: Ground out 1-3 (Groundball, P, EV 70.0 MPH)
Jon Marquez to third
Batting: RHB Randy Grewe 0-0: Called Strike
0-1: Ball
1-1: Foul Ball, location: 2F
1-2: Foul Ball, location: 2F
1-2: Strikes out looking
Batting: LHB Brian Dickeson 0-0: Foul Ball, location: 2F
0-1: Swinging Strike
0-2: SINGLE (Groundball, 4MD, EV 106.2 MPH)
Jon Marquez scores
Batting: SHB Tim Utz 0-0: Ball
1-0: Swinging Strike
1-1: Swinging Strike
1-2: Strikes out looking
Bottom of the 1st over - 1 run, 1 hit, 0 errors, 1 left on base; Brooklyn 0 - Cincinnati (NYP) 1
TOP OF THE 2ND
Brooklyn Cyclones batting - Pitching for Cincinnati (NYP) Reds : RHP Toby Riley
Batting: RHB Tom Primmer 0-0: Called Strike
0-1: Foul Ball, location: 2F
0-2: Strikes out swinging
Batting: SHB Ryan Brown 0-0: Ball
1-0: Called Strike
1-1: Swinging Strike
1-2: Strikes out swinging
Batting: RHB Chris Pynn 0-0: Called Strike
0-1: Ball
1-1: Foul Ball, location: 2F
1-2: Strikes out swinging
Top of the 2nd over - 0 runs, 0 hits, 0 errors, 0 left on base; Brooklyn 0 - Cincinnati (NYP) 1
BOTTOM OF THE 2ND
Cincinnati (NYP) Reds batting - Pitching for Brooklyn Cyclones : RHP Battista Aldobrandini
Batting: SHB Cesar Pelayo 0-0: Foul Ball, location: 2F
0-1: Swinging Strike
0-2: Strikes out swinging
Batting: RHB Kevin Larner 0-0: Foul Ball, location: 2F
0-1: Ball
1-1: Ball
2-1: Foul Ball, location: 2F
2-2: Foul Ball, location: 2F
2-2: Ball
3-2: Base on Balls
Batting: LHB Jason Pirkle 0-0: Called Strike
Kevin Larner is caught stealing 2nd base 2-6
0-1: Called Strike
0-2: Ball
1-2: Ground out 4-3 (Groundball, 4M, EV 82.5 MPH)
Bottom of the 2nd over - 0 runs, 0 hits, 0 errors, 0 left on base; Brooklyn 0 - Cincinnati (NYP) 1
TOP OF THE 3RD
Brooklyn Cyclones batting - Pitching for Cincinnati (NYP) Reds : RHP Toby Riley
Batting: RHB Roberto Delgado 0-0: Ball
1-0: Ground out 6-3 (Groundball, 6, EV 105.0 MPH)
Batting: SHB Duri Chilemba 0-0: Ball
1-0: Called Strike
1-1: Ground out 6-3 (Groundball, 6M, EV 78.1 MPH)
Batting: LHB Elmo Dreier 0-0: Ground out 1-3 (Groundball, 15S, EV 61.2 MPH)
Top of the 3rd over - 0 runs, 0 hits, 0 errors, 0 left on base; Brooklyn 0 - Cincinnati (NYP) 1
BOTTOM OF THE 3RD
Cincinnati (NYP) Reds batting - Pitching for Brooklyn Cyclones : RHP Battista Aldobrandini
Batting: RHB Cyd Carver 0-0: Ball
1-0: Ball
2-0: Ball
3-0: Base on Balls
Batting: RHB Jon Marquez 0-0: Called Strike
0-1: Ball
1-1: Ball
2-1: Ball
3-1: Foul Ball, location: 2F
3-2: Foul Ball, location: 2F
3-2: Foul Ball, location: 2F
3-2: Strikes out swinging
Batting: LHB Matthew Berry 0-0: Ball
Cyd Carver steals 2nd base
1-0: Called Strike
1-1: Foul Ball, location: 2F
1-2: Ball
2-2: Strikes out swinging
Batting: RHB Randy Grewe 0-0: Foul Ball, location: 2F
0-1: Fly out, F2 (Popup, 23F, EV 87.5 MPH)
Bottom of the 3rd over - 0 runs, 0 hits, 0 errors, 1 left on base; Brooklyn 0 - Cincinnati (NYP) 1
TOP OF THE 4TH
Brooklyn Cyclones batting - Pitching for Cincinnati (NYP) Reds : RHP Toby Riley
Batting: SHB Callum Lynch 0-0: Called Strike
0-1: Hit by Pitch
Batting: LHB Miguel Ramos 0-0: Ball
1-0: SINGLE (Groundball, 6MD, EV 97.5 MPH)
Callum Lynch to second
Runner from 2nd tries for 3rd, SAFE, throw by CF made to third
Batting: RHB Victor Reyes 0-0: Grounds into double play, 6-4-3 (Groundball, 6M, EV 93.1 MPH)
Callum Lynch scores
Batting: RHB Tom Primmer 0-0: Called Strike
0-1: Called Strike
0-2: Ball
1-2: Ball
2-2: Ball
3-2: Foul Ball, location: 2F
3-2: Ground out 5-3 (Groundball, 56, EV 105.0 MPH)
Top of the 4th over - 1 run, 1 hit, 0 errors, 0 left on base; Brooklyn 1 - Cincinnati (NYP) 1
BOTTOM OF THE 4TH
Cincinnati (NYP) Reds batting - Pitching for Brooklyn Cyclones : RHP Battista Aldobrandini
Batting: LHB Brian Dickeson 0-0: Ball
1-0: Ball
2-0: SINGLE (Line Drive, 56, EV 99.4 MPH)
Batting: SHB Tim Utz 0-0: Foul Ball, location: 2F
0-1: Swinging Strike
0-2: Foul Ball, location: 2F
0-2: Ball
1-2: Fielders Choice at 2nd, 3-6 (Groundball, 3, EV 85.0 MPH)
Batting: SHB Cesar Pelayo 0-0: Ball
1-0: Called Strike
1-1: Swinging Strike
1-2: Foul Ball, location: 2F
1-2: Ball
2-2: Reached on error, E6 (Groundball, 6, EV 102.5 MPH)
Tim Utz to second
Batting: RHB Kevin Larner 0-0: SINGLE (Groundball, 4, EV 108.1 MPH)
Tim Utz to third
Cesar Pelayo to second
Runner from 3rd tries for Home, SAFE, throw by CF to home
Batting: LHB Jason Pirkle 0-0: Swinging Strike
0-1: Ball
1-1: Called Strike
1-2: SINGLE (Line Drive, 6D, EV 106.9 MPH)
Cesar Pelayo to third
Kevin Larner to second
Batting: RHB Cyd Carver 0-0: Called Strike
0-1: Called Strike
0-2: Foul Ball, location: 2F
0-2: Ball
1-2: Fly out, F7 (Flyball, 7LM, EV 86.2 MPH)
Batting: RHB Jon Marquez 0-0: Ground out 4-3 (Groundball, 4, EV 104.4 MPH)
Bottom of the 4th over - 1 run, 3 hits, 1 error, 3 left on base; Brooklyn 1 - Cincinnati (NYP) 2
TOP OF THE 5TH
Brooklyn Cyclones batting - Pitching for Cincinnati (NYP) Reds : RHP Toby Riley
Batting: SHB Ryan Brown 0-0: Foul Ball, location: 2F
0-1: Swinging Strike
0-2: Strikes out looking
Batting: RHB Chris Pynn 0-0: Called Strike
0-1: DOUBLE (Line Drive, 8RXD, EV 105.6 MPH)
Batting: RHB Roberto Delgado 0-0: Called Strike
0-1: Called Strike
0-2: Foul Ball, location: 2F
0-2: Ball
1-2: Ball
2-2: Strikes out swinging
Batting: SHB Duri Chilemba 0-0: Ball
1-0: Called Strike
1-1: Called Strike
1-2: Strikes out swinging
Top of the 5th over - 0 runs, 1 hit, 0 errors, 1 left on base; Brooklyn 1 - Cincinnati (NYP) 2
BOTTOM OF THE 5TH
Cincinnati (NYP) Reds batting - Pitching for Brooklyn Cyclones : RHP Battista Aldobrandini
Batting: LHB Matthew Berry 0-0: Swinging Strike
0-1: Foul Ball, location: 2F
0-2: Strikes out looking
Pitching: RHP Todd Cox
Batting: RHB Randy Grewe 0-0: Ball
1-0: Ground out 5-3 (Groundball, 5, EV 93.8 MPH)
Batting: LHB Brian Dickeson 0-0: Ball
1-0: Called Strike
1-1: Called Strike
1-2: Strikes out swinging
Bottom of the 5th over - 0 runs, 0 hits, 0 errors, 0 left on base; Brooklyn 1 - Cincinnati (NYP) 2
TOP OF THE 6TH
Brooklyn Cyclones batting - Pitching for Cincinnati (NYP) Reds : RHP Toby Riley
Batting: LHB Elmo Dreier 0-0: Called Strike
0-1: Called Strike
0-2: Foul Ball, location: 2F
0-2: Ball
1-2: Foul Ball, location: 2F
1-2: Ball
2-2: Ball
3-2: Foul Ball, location: 2F
3-2: Base on Balls
Batting: SHB Callum Lynch 0-0: Called Strike
0-1: Called Strike
0-2: Ball
Wild Pitch!
Elmo Dreier to second
1-2: Ball
2-2: Strikes out swinging
Batting: LHB Miguel Ramos 0-0: SINGLE (Groundball, 4D, EV 99.4 MPH)
Elmo Dreier to third
Runner from 3rd tries for Home, SAFE, throw by CF to home
Batting: RHB Victor Reyes 0-0: Fly out, F9 (Flyball, 9, EV 96.2 MPH)
Batting: RHB Tom Primmer 0-0: Foul Ball, location: 2F
0-1: Called Strike
0-2: Fly out, F8 (Flyball, 8LM, EV 89.4 MPH)
Top of the 6th over - 1 run, 1 hit, 0 errors, 1 left on base; Brooklyn 2 - Cincinnati (NYP) 2
BOTTOM OF THE 6TH
Cincinnati (NYP) Reds batting - Pitching for Brooklyn Cyclones : RHP Todd Cox
Batting: SHB Tim Utz 0-0: Ball
1-0: Ball
2-0: Fly out, F4 (Line Drive, 34D, EV 65.0 MPH)
Batting: SHB Cesar Pelayo 0-0: Ground out 5-3 (Groundball, 56, EV 85.0 MPH)
Batting: RHB Kevin Larner 0-0: Called Strike
0-1: Ground out 5-3 (Groundball, 5, EV 88.8 MPH)
Bottom of the 6th over - 0 runs, 0 hits, 0 errors, 0 left on base; Brooklyn 2 - Cincinnati (NYP) 2
TOP OF THE 7TH
Brooklyn Cyclones batting - Pitching for Cincinnati (NYP) Reds : RHP Toby Riley
Batting: SHB Ryan Brown 0-0: Called Strike
0-1: Swinging Strike
0-2: Strikes out swinging
Batting: RHB Chris Pynn 0-0: Ball
1-0: Ball
2-0: Fly out, F7 (Flyball, 78S, EV 86.2 MPH)
Batting: SHB Salvador Gomez 0-0: Called Strike
0-1: Ball
1-1: Ball
2-1: Ball
3-1: Foul Ball, location: 2F
3-2: Strikes out swinging, 2-3 out at first.
Top of the 7th over - 0 runs, 0 hits, 0 errors, 0 left on base; Brooklyn 2 - Cincinnati (NYP) 2
BOTTOM OF THE 7TH
Cincinnati (NYP) Reds batting - Pitching for Brooklyn Cyclones : RHP Todd Cox
Batting: LHB Jason Pirkle 0-0: Ball
1-0: Fly out, F7 (Flyball, 7, EV 95.6 MPH)
Batting: RHB Cyd Carver 0-0: Ball
1-0: Called Strike
1-1: Called Strike
1-2: SINGLE (Groundball, 25, EV 70.0 MPH) (infield hit)
Batting: RHB Jon Marquez 0-0: Ball
Cyd Carver steals 2nd base
1-0: Ball
2-0: Ball
3-0: Base on Balls
Batting: LHB Matthew Berry 0-0: Ball
1-0: Called Strike
1-1: Called Strike
1-2: Strikes out swinging
Batting: RHB Randy Grewe 0-0: Swinging Strike
0-1: Fly out, F2 (Popup, 25F, EV 83.1 MPH)
Bottom of the 7th over - 0 runs, 1 hit, 0 errors, 2 left on base; Brooklyn 2 - Cincinnati (NYP) 2
TOP OF THE 8TH
Brooklyn Cyclones batting - Pitching for Cincinnati (NYP) Reds : RHP Toby Riley
Pitching: RHP Calisto Morda
Pinch Hitting: RHB Frank Shaw 0-0: Ball
1-0: Called Strike
1-1: Ground out 6-3 (Groundball, 6, EV 109.4 MPH)
Pinch Hitting: RHB Jayden Copeland 0-0: Ball
1-0: Ball
2-0: Called Strike
2-1: Swinging Strike
2-2: Foul Ball, location: 2F
2-2: Ball
3-2: Fly out, F7 (Flyball, 78M, EV 91.2 MPH)
Batting: SHB Callum Lynch 0-0: Ball
1-0: Called Strike
1-1: Called Strike
1-2: Foul Ball, location: 2F
1-2: Foul Ball, location: 2F
1-2: Foul Ball, location: 2F
1-2: Strikes out swinging
Top of the 8th over - 0 runs, 0 hits, 0 errors, 0 left on base; Brooklyn 2 - Cincinnati (NYP) 2
BOTTOM OF THE 8TH
Cincinnati (NYP) Reds batting - Pitching for Brooklyn Cyclones : RHP Todd Cox
Now at 2B: Matt Tittle
Now at 3B: Trent Hood
Now at SS: Victor Reyes
Batting: LHB Brian Dickeson 0-0: Ball
1-0: Ball
2-0: Ground out U3 (Groundball, 23, EV 87.5 MPH)
Batting: SHB Tim Utz 0-0: Ball
1-0: Called Strike
1-1: Foul Ball, location: 2F
1-2: Ball
2-2: Ball
3-2: Ground out U3 (Groundball, 34S, EV 83.1 MPH)
Batting: SHB Cesar Pelayo 0-0: Foul Ball, location: 2F
0-1: Foul Ball, location: 2F
0-2: Strikes out looking
Bottom of the 8th over - 0 runs, 0 hits, 0 errors, 0 left on base; Brooklyn 2 - Cincinnati (NYP) 2
TOP OF THE 9TH
Brooklyn Cyclones batting - Pitching for Cincinnati (NYP) Reds : RHP Calisto Morda
Pitching: RHP Rob Penton
Batting: LHB Miguel Ramos 0-0: Ball
1-0: Called Strike
1-1: Swinging Strike
1-2: Fly out, F5 (Popup, 5S, EV 85.6 MPH)
Batting: RHB Victor Reyes 0-0: Foul Ball, location: 2F
0-1: Ball
1-1: Foul Ball, location: 2F
1-2: Strikes out looking
Batting: RHB Tom Primmer 0-0: Ground out 5-3 (Groundball, 56, EV 93.8 MPH)
Top of the 9th over - 0 runs, 0 hits, 0 errors, 0 left on base; Brooklyn 2 - Cincinnati (NYP) 2
BOTTOM OF THE 9TH
Cincinnati (NYP) Reds batting - Pitching for Brooklyn Cyclones : RHP Todd Cox
Pitching: RHP Leo Burgos
Pinch Hitting: SHB Kristian Kristensen 0-0: Called Strike
0-1: Fly out, F9 (Flyball, 9D, EV 95.0 MPH)
Batting: LHB Jason Pirkle 0-0: Ball
1-0: Ball
2-0: Ball
3-0: Base on Balls
Pinch Hitting: SHB Rich Ranaldi 0-0: Ball
Jason Pirkle is caught stealing 2nd base 2-6
1-0: Ball
2-0: Ball
3-0: Base on Balls
Batting: RHB Jon Marquez 0-0: Called Strike
0-1: Called Strike
0-2: Foul Ball, location: 2F
0-2: Ball
1-2: Ball
2-2: Strikes out swinging
Bottom of the 9th over - 0 runs, 0 hits, 0 errors, 1 left on base; Brooklyn 2 - Cincinnati (NYP) 2
TOP OF THE 10TH
Brooklyn Cyclones batting - Pitching for Cincinnati (NYP) Reds : RHP Rob Penton
Now at 3B: Akira Yamano
Now at SS: Yasusaburo Kuwahara
Batting: SHB Ryan Brown 0-0: Swinging Strike
0-1: Swinging Strike
0-2: Strikes out swinging
Pinch Hitting: LHB Brian Levensailor 0-0: Swinging Strike
0-1: Ball
1-1: Foul Ball, location: 2F
1-2: Strikes out swinging
Batting: SHB Salvador Gomez 0-0: Called Strike
0-1: Ball
1-1: Foul Ball, location: 2F
1-2: Strikes out swinging
Top of the 10th over - 0 runs, 0 hits, 0 errors, 0 left on base; Brooklyn 2 - Cincinnati (NYP) 2
BOTTOM OF THE 10TH
Cincinnati (NYP) Reds batting - Pitching for Brooklyn Cyclones : RHP Leo Burgos
Now at C: Danny Barajas
Batting: LHB Matthew Berry 0-0: Called Strike
0-1: Ball
1-1: Ball
2-1: Foul Ball, location: 2F
2-2: Strikes out swinging
Batting: RHB Randy Grewe 0-0: Ball
1-0: Fly out, F7 (Line Drive, 7, EV 90.6 MPH)
Batting: LHB Brian Dickeson 0-0: Foul Ball, location: 2F
0-1: Ball
1-1: Foul Ball, location: 2F
1-2: Ball
2-2: Foul Ball, location: 2F
2-2: Ground out 4-3 (Groundball, 4, EV 90.0 MPH)
Bottom of the 10th over - 0 runs, 0 hits, 0 errors, 0 left on base; Brooklyn 2 - Cincinnati (NYP) 2
TOP OF THE 11TH
Brooklyn Cyclones batting - Pitching for Cincinnati (NYP) Reds : RHP Rob Penton
Batting: RHB Matt Tittle 0-0: Ball
1-0: Ball
2-0: Called Strike
2-1: Foul Ball, location: 2F
2-2: Ball
3-2: Foul Ball, location: 2F
3-2: Foul Ball, location: 2F
3-2: DOUBLE (Line Drive, 5D, EV 94.4 MPH)
Batting: RHB Trent Hood 0-0: Swinging Strike
0-1: Ball
1-1: Ground out 1-3 (Groundball, 15S, EV 72.5 MPH)
Batting: SHB Callum Lynch 0-0: Ball
1-0: Ground out U3 (Groundball, 34, EV 109.4 MPH)
Matt Tittle to third
Batting: LHB Miguel Ramos 0-0: Intentional Walk
Batting: RHB Victor Reyes 0-0: Ball
1-0: Fly out, F2 (Popup, 25F, EV 75.6 MPH)
Top of the 11th over - 0 runs, 1 hit, 0 errors, 2 left on base; Brooklyn 2 - Cincinnati (NYP) 2
BOTTOM OF THE 11TH
Cincinnati (NYP) Reds batting - Pitching for Brooklyn Cyclones : RHP Leo Burgos
Batting: SHB Tim Utz 0-0: Called Strike
0-1: Swinging Strike
0-2: Strikes out swinging
Batting: SHB Cesar Pelayo 0-0: Called Strike
0-1: Swinging Strike
0-2: Strikes out swinging
Batting: RHB Yasusaburo Kuwahara 0-0: Ball
1-0: Called Strike
1-1: Ground out 5-3 (Groundball, 56S, EV 65.6 MPH)
Bottom of the 11th over - 0 runs, 0 hits, 0 errors, 0 left on base; Brooklyn 2 - Cincinnati (NYP) 2
TOP OF THE 12TH
Brooklyn Cyclones batting - Pitching for Cincinnati (NYP) Reds : RHP Rob Penton
Pitching: RHP Javier Perez
Batting: RHB Tom Primmer 0-0: Ball
1-0: Ball
2-0: Called Strike
2-1: Ground out 6-3 (Groundball, 6, EV 88.1 MPH)
Batting: SHB Ryan Brown 0-0: Foul Ball, location: 2F
0-1: Called Strike
0-2: Strikes out looking
Pinch Hitting: RHB Ryan Marler 0-0: Called Strike
0-1: Ball
1-1: Ball
2-1: Ball
3-1: Called Strike
3-2: Base on Balls
Batting: SHB Salvador Gomez 0-0: Called Strike
0-1: Ball
1-1: Swinging Strike
1-2: Ball
2-2: Foul Ball, location: 2F
2-2: Ground out 4-3 (Groundball, 4, EV 88.1 MPH)
Top of the 12th over - 0 runs, 0 hits, 0 errors, 1 left on base; Brooklyn 2 - Cincinnati (NYP) 2
BOTTOM OF THE 12TH
Cincinnati (NYP) Reds batting - Pitching for Brooklyn Cyclones : RHP Leo Burgos
Pitching: LHP Jose Diaz
Now at C: Ryan Marler
Pinch Hitting: RHB Chris Christaldi 0-0: Ground out 6-3 (Groundball, 6, EV 100.6 MPH)
Batting: LHB Akira Yamano 0-0: Called Strike
0-1: Ground out 4-3 (Groundball, 34, EV 108.8 MPH)
Pitching: RHP Gwidon Kaminski
Batting: RHB Jon Marquez 0-0: Called Strike
0-1: Ball
1-1: SINGLE (Groundball, 56D, EV 101.2 MPH)
Batting: LHB Matthew Berry 0-0: Ball
Jon Marquez steals 2nd base (no throw)
1-0: Intentional Walk
Batting: RHB Randy Grewe 0-0: Ball
1-0: Ball
Passed Ball!
Jon Marquez to third
Matthew Berry to second
2-0: Ball
3-0: Called Strike
3-1: Base on Balls
Batting: LHB Brian Dickeson 0-0: Swinging Strike
0-1: Foul Ball, location: 2F
0-2: Ball
1-2: Ball
2-2: Strikes out swinging
Bottom of the 12th over - 0 runs, 1 hit, 0 errors, 3 left on base; Brooklyn 2 - Cincinnati (NYP) 2
TOP OF THE 13TH
Brooklyn Cyclones batting - Pitching for Cincinnati (NYP) Reds : RHP Javier Perez
Now in CF: R.J. Romberg
Batting: RHB Matt Tittle 0-0: Ball
1-0: Called Strike
1-1: Swinging Strike
1-2: Strikes out swinging
Batting: RHB Trent Hood 0-0: Ball
1-0: Ball
2-0: Ball
3-0: Called Strike
3-1: Base on Balls
Batting: SHB Callum Lynch 0-0: SINGLE (Groundball, 5, EV 86.9 MPH) (infield hit)
Trent Hood to second
Batting: LHB Miguel Ramos 0-0: Called Strike
0-1: Called Strike
0-2: Ball
1-2: Foul Ball, location: 2F
1-2: Strikes out swinging
Batting: RHB Victor Reyes 0-0: Fielders Choice at 2nd, U6 (Groundball, 6M, EV 91.9 MPH)
Top of the 13th over - 0 runs, 1 hit, 0 errors, 2 left on base; Brooklyn 2 - Cincinnati (NYP) 2
BOTTOM OF THE 13TH
Cincinnati (NYP) Reds batting - Pitching for Brooklyn Cyclones : RHP Gwidon Kaminski
Pitching: RHP Felipe Hinojosa
Batting: SHB Tim Utz 0-0: Ball
1-0: Foul Ball, location: 2F
1-1: Swinging Strike
1-2: SINGLE (Groundball, 6S, EV 75.0 MPH) (infield hit)
Batting: SHB Cesar Pelayo 0-0: Ball
1-0: Called Strike
1-1: SINGLE (Groundball, 34D, EV 106.9 MPH)
Tim Utz to second
Pinch Runner at 2nd Sean Jenkinson:
Batting: RHB Yasusaburo Kuwahara 0-0: Called Strike
0-1: Called Strike
0-2: Strikes out looking
Batting: RHB R.J. Romberg 0-0: Ball
1-0: Swinging Strike
1-1: Ball
2-1: Swinging Strike
2-2: Foul Ball, location: 2F
2-2: Strikes out swinging
Batting: LHB Akira Yamano 0-0: Called Strike
0-1: Ball
Wild Pitch!
Sean Jenkinson to third
Cesar Pelayo to second
1-1: Ball
2-1: Ball
3-1: Base on Balls
Batting: RHB Jon Marquez 0-0: Ball
1-0: Ball
2-0: Foul Ball, location: 2F
2-1: Called Strike
2-2: Ball
3-2: SINGLE (Groundball, 4, EV 95.6 MPH)
Sean Jenkinson scores
Bottom of the 13th over - 1 run, 3 hits, 0 errors, 2 left on base; Brooklyn 2 - Cincinnati (NYP) 3
Tuesday, March 28th , 2023 - OOTP Baseball 23.10 Build 110